 Dungeon Crawl Stone Soup version 0.14.2 (webtiles) character file.

845 flautines the Shield-Bearer (level 7, 0/52 HPs)
             Began as a Human Fighter on Jan 11, 2016.
             Slain by a gnoll
             ... wielding a +5,+7 spear of freezing
              (1 damage)
             ... on Level 5 of the Dungeon.
             The game lasted 00:56:27 (5383 turns).

flautines the Shield-Bearer (Human Fighter)         Turns: 5383, Time: 00:56:27

HP   0/52        AC 17     Str 17      XL: 7   Next: 66%
MP   7/7         EV  3     Int  8      God:
Gold 254         SH 20     Dex 14      Spells:  0 memorised,  6 levels left

rFire  . . .     SeeInvis .     b - +2,+0 dagger (venom)
rCold  . . .     Clarity  .     r - +2 plate armour
rNeg   . . .     Conserve .     c - +0 shield
rPois  .         rCorr    +     (no helmet)
rElec  .         rRot     .     v - +2 cloak
SustAb . .       Spirit   .     (no gloves)
rMut   .         Warding  .     (no boots)
Saprov . . .     Stasis   .     m - amulet of resist corrosion {unknown}
MR     .....                    (no ring)
                                (no ring)

@: not resistant to hostile enchantments, extremely unstealthy
A: no striking features
a: no special abilities


You were on level 5 of the Dungeon.
You were not hungry.

You visited 1 branch of the dungeon, and saw 5 of its levels.

You collected 254 gold pieces.

Inventory:

Hand weapons
 a - a +2,+1 short sword of protection
 b - a +2,+0 dagger of venom (weapon)
 B - a +0,+0 sling
 E - a +1,+3 hand axe
 O - a +0,+2 dagger of speed
 P - a +0,+0 hand axe
Missiles
 h - 6 tomahawks (quivered)
 i - 62 arrows
 j - 21 darts
 s - 12 darts of frost
 u - 3 silver darts
 C - 49 stones
 D - 3 darts of flame
 T - 11 poisoned needles
 U - 12 arrows of frost
Armour
 c - a +0 shield (worn)
 g - a +0 scale mail
 n - a +2 robe
 r - a +2 plate armour (worn)
 v - a +2 cloak (worn)
 A - a +2 robe
 F - a +0 robe
 M - a +0 pair of boots
 N - a +0 pair of gloves
 Q - a +0 leather armour
Comestibles
 d - 4 bread rations
 o - 2 chokos
 x - 12 sultanas
 I - 11 strawberries
Scrolls
 p - 4 scrolls of remove curse
 y - a scroll of fog {unknown}
 z - a scroll of identify
 G - a scroll of teleportation {unknown}
 H - a scroll of enchant armour
Jewellery
 k - the ring "Ghataskoa" {Fire rPois rN+ Dex-4, unknown}
   (You found it on level 4 of the Dungeon)

   [ring of fire]

   It affects your dexterity (-4).
   It protects you from poison.
   It protects you from negative energy.
 m - an amulet of resist corrosion (around neck) {unknown}
 S - an uncursed amulet of rage {unknown}
Potions
 e - a potion of might
 f - 3 potions of heal wounds {unknown}
 l - a potion of haste
 q - a potion of restore abilities {unknown}
 t - a potion of curing {unknown}
 w - a potion of lignification {unknown}


   Skills:
 + Level 3.5 Fighting
 + Level 2.7 Short Blades
   Level 2.1 Long Blades
 + Level 0.8 Throwing
 + Level 5.3 Armour
 + Level 2.0 Dodging
 + Level 5.5 Shields


You had 6 spell levels left.
You didn't know any spells.

Dungeon Overview and Level Annotations

Branches:
Dungeon (5/15)
 Temple: D:4-7

Altars:
Xom
Zin

Shops:
D:4 [


Message History

a flail; a gnoll corpse The gnoll unwields an uncursed spear of venom.
It stops dripping with poison.
The gnoll drops an uncursed spear of venom.
The gnoll picks up a flail.
The gnoll wields a flail.
Things that are here:
a spear; a ring mail; a gnoll corpse The gnoll hits you but does no damage.
The gnoll hits you from afar with a spear of freezing!
* * * LOW HITPOINT WARNING * * *
The gnoll freezes you.
* * * LOW HITPOINT WARNING * * *
The gnoll hits you but does no damage.
You hit the gnoll but do no damage.
The gnoll is poisoned.
The gnoll hits you with a spear of freezing.
* * * LOW HITPOINT WARNING * * *
The gnoll freezes you.
* * * LOW HITPOINT WARNING * * *
The gnoll hits you from afar with a spear of freezing.
You die...

### ######.##
#gg.@.#.#
#.####.## #.# #.#
#g####.#######..
#.....#.........
#g####.#######..
#########.# #.#
#...g.....# #.#
#.#######.####.###


You could see 2 gnolls.

Vanquished Creatures
  2 ogres (D:4)
  A gnoll sergeant (D:5)
  3 orc wizards
  A hound (D:4)
  An iguana (D:3)
  4 adders
  4 gnolls
  2 worms (D:4)
  3 giant geckos
  An ooze (D:5)
  17 orcs
  12 bats
  A bat skeleton (D:4)
  2 giant cockroaches (D:2)
  15 hobgoblins
  7 jackals
  12 kobolds
  A quokka (D:2)
  A ball python (D:1)
  2 giant newts (D:2)
  17 goblins
  12 rats
121 creatures vanquished.

Notes
Turn   | Place    | Note
--------------------------------------------------------------
     0 | D:1      | flautines, the Human Fighter, began the quest for the Orb.
     0 | D:1      | Reached XP level 1. HP: 18/18 MP: 1/1
   153 | D:1      | Reached XP level 2. HP: 21/24 MP: 2/2
   488 | D:1      | Reached XP level 3. HP: 27/29 MP: 3/3
  1534 | D:2      | Reached XP level 4. HP: 35/35 MP: 4/4
  1912 | D:3      | Reached skill level 1 in Dodging
  2186 | D:3      | Reached skill level 1 in Short Blades
  2186 | D:3      | Reached XP level 5. HP: 38/41 MP: 5/5
  2225 | D:3      | Reached skill level 4 in Armour
  2542 | D:3      | Reached XP level 6. HP: 20/47 MP: 6/6
  3903 | D:4      | Found Ogiel's Armour Shoppe.
  4164 | D:4      | Reached skill level 5 in Shields
  4164 | D:4      | Reached XP level 7. HP: 42/52 MP: 7/7
  4231 | D:4      | Noticed an angel
  4232 | D:4      | Found a glowing silver altar of Zin.
  4399 | D:4      | Found a shimmering altar of Xom.
  4604 | D:4      | Got a wavering golden ring
  4994 | D:4      | Reached skill level 5 in Armour
  5123 | D:5      | Entered Level 5 of the Dungeon
  5382 | D:5      | HP: 1/52 [gnoll/spear of freezing (3)]
  5383 | D:5      | Slain by a gnoll

Action                   |  1- 3 |  4- 6 |  7- 9 || total
-------------------------+-------+-------+-------++-------
Melee: Short sword       |   139 |       |     1 ||   140
       Long sword        |     4 |       |       ||     4
       Dagger            |    26 |   194 |    82 ||   302
Throw: Dart              |       |     4 |       ||     4
  Use: Scroll            |     4 |     4 |       ||     8
       Potion            |       |     1 |       ||     1
